 Dungeon Crawl Stone Soup version 0.28.0-53-g5a82cb258f (webtiles) character file.

Game seed: 5645282742945648517

212 Peloso the Covered (level 5, -2/47 HPs)
             Began as a Minotaur Fighter on June 1, 2022.
             Slain by Duvessa
             ... wielding a +0 rapier
              (4 damage)
             ... on level 4 of the Dungeon.
             The game lasted 00:03:53 (2937 turns).

Peloso the Covered (Minotaur Fighter)               Turns: 2937, Time: 00:03:53

Health: -2/47      AC:  9    Str: 25 (27) XL:     5   Next: 58%
Magic:  4/4        EV:  8    Int:  3 (5)  God:
Gold:   123        SH:  4    Dex:  8 (11) Spells: 4/4 levels left

rFire   . . .      SeeInvis .   a - +0 long sword
rCold   . . .      Faith    .   c - +0 buckler
rNeg    . . .      Spirit   .   k - +0 chain mail
rPois   .          Reflect  .   (helmet restricted)
rElec   .          Harm     .   (no cloak)
rCorr   +          Rampage  .   (no gloves)
Will    .....                   (no boots)
Stlth   ..........              (no amulet)
HPRegen 0.15/turn               e - +6 ring of strength
MPRegen 0.09/turn               l - ring of resist corrosion

@: mighty
A: horns 2, retaliatory headbutt
a: no special abilities


You were on level 4 of the Dungeon.
You visited 1 branch of the dungeon, and saw 4 of its levels.

You collected 123 gold pieces.

Inventory:

Hand Weapons
 a - a +0 long sword (weapon)
Missiles
 o - a throwing net (quivered)
Armour
 b - a +0 scale mail
 c - a +0 buckler (worn)
 k - a +0 chain mail (worn)
Jewellery
 e - a +6 ring of strength (left hand)
 l - a ring of resist corrosion (right hand)
Scrolls
 f - a scroll of holy word {unknown}
 g - a scroll of enchant weapon {unknown}
 h - a scroll of summoning {unknown}
 j - a scroll of identify {unknown}
Potions
 i - a potion of magic {unknown}
 m - a potion of haste {unknown}
 n - a potion of degeneration
 p - a potion of brilliance {unknown}


   Skills:
 + Level 4.5 Fighting
 + Level 4.0 Long Blades
 + Level 5.1 Armour
 + Level 2.1 Dodging
 + Level 0.1 Stealth
 + Level 4.3 Shields


You had 4 spell levels left.
You didn't know any spells.
Your spell library was empty.

Dungeon Overview and Level Annotations

Branches:
Dungeon (4/15)
 Temple: D:4-7

Altars:
Trog

Annotations:
D:1 Dig
D:4 Dowan, Duvessa


Innate Abilities, Weirdness & Mutations

You have a pair of horns on your head.
You reflexively headbutt those who attack you in melee.


Message History

Menkaure is almost destroyed.
Menkaure hits you.
* * * LOW HITPOINT WARNING * * *
You slash Menkaure!
You destroy Menkaure!
Your Long Blades skill increases to level 4!
Your Armour skill increases to level 5!
Your Dodging skill increases to level 2!
You have reached level 5!
You see here a +0 ring mail.
Found 11 gold pieces.
You now have 123 gold pieces (gained 11).
You hear the slow rusting of a very distant drain.
Dowan, Brother of Duvessa comes into view.
He is wielding a +0 dagger.
Dowan shouts!
Dowan moves out of view.
Duvessa, Sister of Dowan comes into view.
She is wielding a +0 rapier.
Found a blue potion.
Duvessa shouts!
It was a potion of degeneration.
There was something very wrong with that liquid.
You feel weakened.
You feel dopey.
You feel clumsy.
You feel very mighty all of a sudden.
You barely miss Dowan. Your headbutt misses Dowan.
Dowan hits you but does no damage. You block Dowan's attack.
You closely miss Dowan. You barely miss Duvessa. You slash Duvessa!
Duvessa is moderately wounded.
Dowan hits you with a +0 dagger. Duvessa hits you with a +0 rapier!
* * * LOW HITPOINT WARNING * * *
You hit Duvessa. You headbutt Duvessa!
Duvessa is almost dead.
Dowan hits you but does no damage. Duvessa hits you with a +0 rapier.
* * * LOW HITPOINT WARNING * * *
Unknown command.
You hit Duvessa.
Duvessa is almost dead.
Dowan closely misses you. Duvessa hits you with a +0 rapier.
You die...

#.# #.# .#
#.# #.#
#.# #.#
#.# #.#
#.######.#
#........#
#..#####.#
##.####...
#@.......
#ee###...
...# ....#
.....#
...##.#
##.# .# #.
!#


You could see Duvessa and Dowan.

Vanquished Creatures
  Menkaure (D:4)
  Jessica (D:3)
  A gnoll (D:1)
  2 dart slugs
  5 orcs
  5 ball pythons
  3 endoplasms
  A giant cockroach (D:1)
  4 goblins
  6 hobgoblins
  3 jackals (D:3)
  5 kobolds
  A quokka (D:1)
  3 bats
  3 frilled lizards
  A rat (D:2)
45 creatures vanquished.

Notes
Turn   | Place    | Note
-------+----------+-------------------------------------------
     0 | D:1      | Peloso the Minotaur Fighter began the quest for the Orb.
     0 | D:1      | Reached XP level 1. HP: 19/19 MP: 0/0
   123 | D:1      | Reached skill level 4 in Armour
   162 | D:1      | Reached XP level 2. HP: 27/27 MP: 1/1
  1084 | D:1      | Reached XP level 3. HP: 29/33 MP: 2/2
  1293 | D:2      | Found a faded altar of an unknown god.
  1315 | D:2      | Found a bloodstained altar of Trog.
  1586 | D:2      | Found Plog's Antique Armour Boutique.
  2176 | D:3      | Noticed Jessica
  2182 | D:3      | Killed Jessica
  2183 | D:3      | Reached skill level 1 in Dodging
  2183 | D:3      | Reached XP level 4. HP: 22/40 MP: 3/3
  2872 | D:4      | Noticed Menkaure
  2880 | D:4      | Killed Menkaure
  2881 | D:4      | Reached skill level 5 in Armour
  2881 | D:4      | Reached XP level 5. HP: 7/47 MP: 4/4
  2927 | D:4      | Noticed Dowan
  2928 | D:4      | Noticed Duvessa
  2936 | D:4      | HP: 2/47 [Duvessa/+0 rapier (5)]
  2937 | D:4      | Slain by Duvessa

Illustrated notes

Levels and vault maps discovered:
D:1:      erik_arrival_cave_to_civilisation [erik_arrival_cave_to_temple],
          layout_loops_ring
D:2:      layout_rooms, basic_ecumenical_altar, basic_altar, serial_shops,
          shop_statue, serial_park_tiny_pond
D:3:      layout_basic, uniq_jessica
D:4:      layout_loops_ring, nicolae_overflow_hidden_temple,
          gup_sewer_entry_pipe, columned_hall_lemuel, uniq_menkaure,
          uniq_duvessa, uniq_eustachio

Skill      XL: |  1  2  3  4 |
---------------+-------------+-----
Armour         | 4 5 |  5.1
Shields        | 4 |  4.3
Fighting       | 4 |  4.5
Dodging        | 1 2 |  2.1
Long Blades    | 4 |  4.0
Stealth        | |  0.1

Action                   |  1- 3 |  4- 6 || total
-------------------------+-------+-------++-------
Melee: Long sword        |    86 |    15 ||   101
       Headbutt          |    11 |     4 ||    15
  Use: Potion            |       |     2 ||     2
Armor: Scale mail        |    25 |       ||    25
       Chain mail        |     2 |     4 ||     6
Dodge: Dodged            |    45 |     4 ||    49
Block: Buckler           |    17 |     1 ||    18
